 Dungeon Sprint DCSS version 0.22.1-2-g9c5b331 (webtiles) character file.

28 diana the Shield-Bearer (level 3, 18/26 HPs)
             Began as a Gargoyle Fighter on Dec 23, 2018.
             Quit the game in the Dungeon (Sprint III: "The Ten Rune Challenge").
             The game lasted 00:01:28 (340 turns).

diana the Shield-Bearer (Gargoyle Fighter)           Turns: 340, Time: 00:01:28

Health: 18/26      AC: 10    Str: 18    XL:     3   Next: 14%
Magic:  3/3        EV: 10    Int:  8    God:
Gold:   8          SH:  9    Dex:  9    Spells: 2/2 levels left

rFire    . . .     SeeInvis .   a - +0 flail
rCold    . . .     Gourm    .   c - +0 shield
rNeg     + . .     Faith    .   b - +0 scale mail
rPois    ∞         Spirit   .   (no helmet)
rElec    +         Reflect  .   (no cloak)
rCorr    .         Harm     .   (no gloves)
MR       .....     NoTele   +   (no boots)
Stlth    ..........             (no amulet)
HPRegen  0.08/turn              (no ring)
MPRegen  0.08/turn              (no ring)

@: berserk cooldown, slowed, very slow
A: repulsion field 1, negative energy resistance 1, robust 1, electricity
resistance, weak 1, unbreathing, petrification resistance, rot immunity, subdued
magic 1, AC +3
a: no special abilities


You were in the Dungeon.
You were not hungry.

You visited 1 branch You collected 8 gold pieces.

Inventory:

Hand Weapons
 a - a +0 flail (weapon)
Armour
 b - a +0 scale mail (worn)
 c - a +0 shield (worn)
Scrolls
 j - a scroll of immolation {unknown}
 k - a scroll of blinking
 l - a scroll of torment {unknown}
 m - 3 scrolls of identify {unknown}
 n - a scroll of remove curse {unknown}
 p - a scroll of enchant armour {unknown}
Potions
 d - a potion of might
 e - a potion of curing
 g - a potion of heal wounds
 h - a potion of haste
 i - 3 potions of magic
 o - 2 potions of flight
 q - a potion of degeneration {unknown}
Comestibles
 f - 4 rations


   Skills:
 + Level 4.2 Fighting
 * Level 3.9 Maces & Flails
 + Level 4.2 Armour
 + Level 1.6 Dodging
 + Level 4.2 Shields


You had 2 spell levels left.
You didn't know any spells.
Your spell library was empty.

Dungeon Overview and Level Annotations

Branches:
Dungeon (1/1)

Altars:


Innate Abilities, Weirdness & Mutations

You are resistant to torment.
Your stone body is resilient. (AC +3)
You are immune to poison.
You resist negative energy. (rN+)
You are resistant to electric shocks. (rElec)
You can survive without breathing.
You are immune to petrification.
You are immune to rotting.
You are surrounded by a mild repulsion field. (EV +2)
You are robust. (+10% HP)
You are weak. (Str -2)
Your spells are a little easier to cast, but a little less powerful.


Message History

You sock the phantom!
The phantom is severely damaged.
You block the phantom's attack.
You bludgeon the phantom!!
You destroy the phantom!
You now have 8 gold pieces (gained 2).
You feel a strong urge to attack something.
j - a scroll labeled WOKAIPH VONIDA
m - 3 scrolls labeled NEKUYF LYMUGOT (gained 1)
p - a scroll labeled DEOWAN SOTEIZ;
f - 4 rations (gained 1)
i - 3 potions of magic (gained 1);
q - a lumpy sapphire potion You see here a potion of mutation.
r - a potion of mutation You are no longer berserk.
You are exhausted.
You feel yourself slow down.
You feel extremely strange. Nature stops experimenting on you.
You feel slightly disoriented.
You feel weaker.
You begin to radiate repulsive energy.
Are you sure you want to abandon this character and quit the game? (Confirm

▓▓▓▓▓▓▓▓▓▓▓ *
▓<.#..'...♣♣ ♣ *
▓..#@.#....♣.♣ *
▓#'####....♣.♣
▓.....#....≈♣♣ ,
▓.....#p..W≈.♣* ,
▓.....#..≈≈≈≈♣.
▓####'#..≈≈≈≈≈≈♣
▓(....#.≈≈≈≈≈≈...
▓.....#.≈≈≈≈≈....
▓.....#.≈≈≈......
*


There were no monsters in sight!

Vanquished Creatures
  A human (D)
  An ooze (D)
  A phantom (D)
  3 rats (D)
6 creatures vanquished.

Vanquished Creatures (others)
  2 draconian scorchers (D)
  6 hellions (D)
  A yaktaur (D)
  2 plants (D)
11 creatures vanquished.

Grand Total: 17 creatures vanquished

Notes
Turn   | Place    | Note
-------+----------+-------------------------------------------
     0 | D        | diana the Gargoyle Fighter began the quest for the Orb.
     0 | D        | Reached XP level 1. HP: 14/14 MP: 1/1
    76 | D        | Killed a yaktaur
   102 | D        | Killed a hellion
   102 | D        | Killed a hellion
   102 | D        | Killed a hellion
   102 | D        | Killed a hellion
   103 | D        | Killed a hellion
   162 | D        | Killed a hellion
   188 | D        | Killed a white draconian scorcher
   225 | D        | Killed a white draconian scorcher
   227 | D        | Reached XP level 2. HP: 16/20 MP: 2/2
   321 | D        | Gained mutation: Your body sometimes deteriorates upon
                  | taking damage. [potion of mutation]
   321 | D        | Gained mutation: You tend to lose your temper in combat.
                  | [potion of mutation]
   321 | D        | Gained mutation: Your spells are a little easier to cast,
                  | but a little less powerful. [potion of mutation]
   321 | D        | Gained mutation: You passively map a small area around you.
                  | [potion of mutation]
   322 | D        | Lost mutation: You passively map a small area around you.
                  | [potion of mutation]
   322 | D        | Lost mutation: Your body sometimes deteriorates upon taking
                  | damage. [potion of mutation]
   322 | D        | Gained mutation: You are robust. (+10% HP) [potion of
                  | mutation]
   322 | D        | Gained mutation: You are dopey. (Int -2) [potion of
                  | mutation]
   322 | D        | Gained mutation: You are very robust. (+20% HP) [potion of
                  | mutation]
   323 | D        | Lost mutation: You tend to lose your temper in combat.
                  | [potion of mutation]
   323 | D        | Lost mutation: You are very robust. (+20% HP) [potion of
                  | mutation]
   323 | D        | Lost mutation: You are dopey. (Int -2) [potion of mutation]
   323 | D        | Gained mutation: You passively map a small area around you.
                  | [potion of mutation]
   323 | D        | Gained mutation: You evolve. [potion of mutation]
   331 | D        | Reached skill level 1 in Dodging
   331 | D        | Reached XP level 3. HP: 25/26 MP: 3/3
   339 | D        | Lost mutation: You evolve. [potion of mutation]
   339 | D        | Lost mutation: You passively map a small area around you.
                  | [potion of mutation]
   339 | D        | Gained mutation: You are weak. (Str -2) [potion of
                  | mutation]
   339 | D        | Gained mutation: You are surrounded by a mild repulsion
                  | field. (EV +2) [potion of mutation]
   340 | D        | Quit the game

Skill      XL: |  1  2 |
---------------+-------+-----
Fighting       | 4 |  4.2
Maces & Flails | 3 |  3.9
Armour         | 4 |  4.2
Dodging        | 1 |  1.6
Shields        | 4 |  4.2

Action                   || total
-------------------------++-------
Melee: Flail             ||    23
  Use: Potion            ||     5
Armor: Scale mail        ||     6
Dodge: Dodged            ||     8
Block: Shield            ||    16
